 Seeded DCSS version 0.30.1-4-g462c640d31 (webtiles) character file.

Game seed: 920673320228942481 (custom seed)

8 CarvArkoylaein the Magician (level 2, 21/21 HPs)
             Began as a Djinni Hedge Wizard on Sept 10, 2023.
             Quit the game on level 1 of the Dungeon.
             The game lasted 00:04:09 (792 turns).

CarvArkoylaein the Magician (Djinni Hedge Wizard)    Turns: 792, Time: 00:04:10

Health: 21/21      AC:  2    Str:  9    XL:     2   Next: 15%
Gold:   47         EV: 12    Int: 15    God:
                   SH:  0    Dex: 12

rFire   + + .        d - +6 demon whip (vamp)
rCold   x . .        (no shield)
rNeg    . . .        b - +0 robe
rPois   ∞            c - +0 hat
rElec   .            (no cloak)
rCorr   .            (no gloves)
SInv    .            (boots unavailable)
Will    .....        (no amulet)
Stlth   ++           (no ring)
HPRegen 0.23/turn    (no ring)
MPRegen 0.00/turn

%: no passive effects
@: flying, studying 2 skills
A: sickness immunity, fire resistance 2, cold vulnerability 1, float, innate
caster, HP casting, extra vitality 1
a: no special abilities


You were on level 1 of the Dungeon.
You visited 1 branch of the dungeon, and saw 1 of its levels.

You collected 47 gold pieces.

Inventory:

Hand Weapons
 a - a +0 dagger
 d - a +6 vampiric demon whip (weapon)
Armour
 b - a +0 robe (worn)
 c - a +0 hat (worn)
Scrolls
 g - a scroll of teleportation {unknown}
Potions
 e - a potion of mutation {unknown}
 f - a potion of cancellation {unknown}


   Skills:
 + Level 2.2 Dodging
 + Level 1.8 Stealth
 + Level 2.7 Spellcasting


You knew the following spells:

 Your Spells              Type           Power      Damage    Failure   Level
a - Magic Dart            Conj           40%        1d5       7%          1
b - Slow                  Hex            40%        N/A       7%          1
c - Blink                 Tloc           20%        N/A       11%         2
d - Call Imp              Summ           20%        N/A       11%         2
e - Mephitic Cloud        Conj/Pois/Air  10%        N/A       21%         3
Your spell library was empty.

Dungeon Overview and Level Annotations

Branches:
Dungeon (1/15)

Altars:


Innate Abilities, Weirdness & Mutations

You are immune to sickness and miasma.
You are immune to poison.
Your flesh is very heat resistant. (rF++)
You are vulnerable to cold. (rC-)
You float through the air rather than walking.
You learn spells naturally, not from books.
Your magical power is your life essence.
You have superior vitality. (+4 MHP)


Message History

There is an open door here.
Found 9 stones.
Found a spear.
e - a fizzy ruby potion You reach down and open the door.
There is an open door here.
You now have 36 gold pieces (gained 4).
f - a smoky amethyst potion You reach down and open the door.
There is an open door here.
You reach down and open the door.
There is an open door here.
You reach down and open the door.
There is an open door here.
You reach down and open the door.
There is an open door here.
You see here a +0 leather armour.
You see here a +0 leather armour.
There is an open door here.
There is an open door here.
There is an open door here.
There is an open door here.
g - a scroll labelled DYFUHAUFRU A goblin comes into view.
It is wielding a +0 club.
A goblin is nearby!
A goblin is nearby!
The goblin closely misses you.
You barely miss the goblin. The goblin closely misses you.
You barely miss the goblin. The goblin barely misses you.
You whack the goblin!
You kill the goblin!
Found a robe.
You see here a +0 robe.
A rat comes into view.
Found 11 gold pieces.
The helpless rat fails to defend itself.
You hit the rat.
You kill the rat!
You now have 47 gold pieces (gained 11).
Are you sure you want to abandon this character and quit the game? (Confirm with "yes".)

#.##.#..# #..
########.##.#..# #..
#...........#..#
##.#####.####..# #.#
#.#.....###### #.# #.#
#..†.....# #.# #.#
#........# #.# #.#
#........# #.# #.#
###..@..## #.#
#.#......##.# #.#
#.######.##.# #.#
#.##.. ..##.### #.#
#.##.######...# # #.#
#.##.....####.#.#
#.#####....).......[..#
#..............####.###
################ #.#


There were no monsters in sight!

Vanquished Creatures
  A dart slug (D:1)
  A goblin (D:1)
  3 ball pythons (D:1)
  A bat (D:1)
  A rat (D:1)
7 creatures vanquished.

Notes
Turn   | Place    | Note
-------+----------+-------------------------------------------
     0 | D:1      | CarvArkoylaein the Djinni Hedge Wizard began the quest for
                  | the Orb.
     0 | D:1      | CarvArkoylaein set off with the following spells memorised:
                  | Magic Dart, Slow, Blink, Call Imp, Mephitic Cloud.
     0 | D:1      | Reached XP level 1. HP: 15/15 MP: 0/0
   101 | D:1      | Identified 3 scrolls of acquirement
   101 | D:1      | Acquired a +6 vampiric demon whip
   102 | D:1      | Acquired a manual of Armour
   103 | D:1      | Acquired a manual of Fighting
   433 | D:1      | Reached XP level 2. HP: 12/21 MP: 0/0
   792 | D:1      | Quit the game

Illustrated notes

Levels and vault maps discovered:
D:1:      dpeg_arrival_orchard, layout_basic

Action                     || total
---------------------------++-------
  Melee: Dagger            ||     9
         Demon whip        ||     9
   Cast: Slow              ||     2
         Magic Dart        ||     1
    Use: Scroll            ||     3
   Stab: Sleeping          ||     1
 Armour: Robe              ||     1
  Dodge: Dodged            ||     8
